 Dungeon Crawl Stone Soup version 0.18.1-50-g88ac8fd (webtiles) character file.

630 spiff the Carver (level 7, -1/45 HPs)
             Began as a Halfling Warper on Sept 29, 2016.
             Slain by an ogre
             ... wielding a +0 giant club
              (11 damage)
             ... on level 5 of the Dungeon.
             The game lasted 00:17:27 (6854 turns).

spiff the Carver (Halfling Warper)                  Turns: 6854, Time: 00:17:28

Health: -1/45      AC:  4    Str: 11    XL:     7   Next: 77%
Magic:  6/9        EV: 14    Int: 13    God:
Gold:   291        SH:  0    Dex: 15    Spells: 3 memorised, 4 levels left

rFire  . . .     SeeInvis .     a - +1 falchion
rCold  . . .     Gourm    .     b - +0 leather armour
rNeg   . . .     Faith    .     (shield restricted)
rPois  .         Spirit   .     q - +0 helmet
rElec  .         Dismiss  .     (no cloak)
rCorr  .         Reflect  .     (no gloves)
SustAt .         Harm     .     (no boots)
MR     .....                    (no amulet)
Stlth  +.........               (no ring)
                                s - ring of flight

@: shrouded (expiring), very slightly contaminated, not resistant to hostile
enchantments, very unstealthy
A: mutation resistance 1
a: Evoke Flight


You were on level 5 of the Dungeon.
You were not hungry.

You visited 1 branch of the dungeon, and saw 6 of its levels.

You collected 291 gold pieces.

Inventory:

Hand Weapons
 a - a +1 falchion (weapon)
 p - a +0 hunting sling
Missiles
 e - 5 tomahawks of dispersal (quivered)
Armour
 b - a +0 leather armour (worn)
 q - a +0 helmet (worn)
Jewellery
 s - a ring of flight (left hand)
Scrolls
 d - 2 scrolls of blinking
 h - 3 scrolls of teleportation
 i - a scroll of magic mapping
 n - a scroll of fear
Potions
 g - a potion of curing
 j - 2 potions of degeneration
 k - a potion of flight
 o - a potion of ambrosia {unknown}
 r - a potion of beneficial mutation {unknown}
 v - a potion of berserk rage {unknown}
Books
 c - a book of Spatial Translocations

   Spells                             Type                      Level
   a - Apportation                    Translocation                1
   b - Blink                          Translocation                2
   c - Shroud of Golubria             Charms/Translocation         2
   d - Portal Projectile              Translocation                3
   e - Teleport Other                 Translocation                3
   f - Passage of Golubria            Translocation                4
Comestibles
 f - 4 bread rations
 l - a fruit
 m - 4 meat rations
 w - a beef jerky


   Skills:
 + Level 2.0 Fighting
 - Level 8.1 Long Blades
 - Level 1.1 Throwing
 - Level 1.1 Armour
 - Level 2.1 Dodging
 - Level 1.5 Spellcasting
 - Level 3.2 Translocations


You had 4 spell levels left.
You knew the following spells:

 Your Spells              Type           Power        Failure   Level  Hunger
a - Apportation           Tloc           #.........   12%         1    ##.....
b - Blink                 Tloc           N/A          14%         2    ###....
q - Shroud of Golubria    Chrm/Tloc      #.........   28%         2    ###....


Dungeon Overview and Level Annotations

Branches:
Dungeon (6/15)
 Temple: D:4-7

Altars:
Elyvilon
Gozag
Sif Muna
The Shining One

Shops:
D:5 (


Innate Abilities, Weirdness & Mutations

You are small and have problems with some larger weapons.
You are somewhat resistant to further mutation.


Message History

You barely miss the ogre.
Your shroud bends the ogre's attack away!
You slash the ogre!
The ogre is moderately wounded.
The ogre hits you with a giant club!
You hit the ogre.
The ogre is moderately wounded.
You barely miss the ogre.
The ogre is moderately wounded.
Your shroud begins to fray at the edges.
The ogre hits you with a giant club!!
Ouch! That really hurt!
* * * LOW HITPOINT WARNING * * *
Casting: Shroud of Golubria
Confirm with . or Enter, or press ? or * to list all spells.
You miscast Blink.
You are very lightly contaminated with residual magic.
You catch a glimpse of the back of your own head.
The ogre hits you with a giant club!
You die...

#r
#...........#
#......<....##
#.............
##..<........##
##..#...#...#.#
#..######..##.#
###.## ##..#.##
##...# ##.#...
#.@### #.####
#O## #.# # #.#
#.## # #..#
#..## ....#
##..## ......#
##..# ........#
##.# ..$....<#
#.# ........#
#..


You could see an ogre.

Vanquished Creatures
  2 crimson imps
  A giant frog zombie (D:5)
  7 hounds
  A giant frog skeleton (D:4)
  A centaur skeleton (D:6)
  2 worker ants
  Robin (D:2)
  4 gnolls
  4 adders
  A shadow imp (D:6)
  An adder zombie (D:5)
  An ooze (D:1)
  An adder skeleton (D:6)
  2 worms
  A dart slug (D:1)
  7 giant geckos
  2 orcs
  4 ball pythons
  3 giant cockroaches
  14 goblins
  12 hobgoblins
  4 jackals
  2 kobolds (D:1)
  4 quokkas
  4 bats
  3 giant newts
  A goblin zombie (D:4)
  6 hobgoblin zombies (D:4)
  A kobold zombie (D:4)
  6 rats
103 creatures vanquished.

Notes
Turn   | Place    | Note
--------------------------------------------------------------
     0 | D:1      | spiff the Halfling Warper began the quest for the Orb.
     0 | D:1      | Reached XP level 1. HP: 14/14 MP: 3/3
    83 | D:1      | Reached XP level 2. HP: 7/19 MP: 4/4
   722 | D:1      | Reached skill level 3 in Long Blades
  1352 | D:1      | Reached XP level 3. HP: 22/24 MP: 5/5
  1623 | D:2      | Learned a level 2 spell: Shroud of Golubria
  1626 | D:2      | Learned a level 2 spell: Blink
  1811 | D:2      | Found a deep blue altar of Sif Muna.
  2126 | D:2      | Reached XP level 4. HP: 26/29 MP: 6/6
  2171 | D:2      | Reached skill level 4 in Long Blades
  2190 | D:2      | Noticed Robin
  2469 | D:2      | Killed Robin
  2740 | D:2      | Found an opulent altar of Gozag.
  2741 | D:2      | Found a white marble altar of Elyvilon.
  3134 | D:2      | Reached XP level 5. HP: 31/34 MP: 4/7
  3172 | D:3      | Reached skill level 5 in Long Blades
  4136 | D:4      | Reached XP level 6. HP: 32/39 MP: 5/8
  4241 | D:4      | Found a glowing golden altar of the Shining One.
  4294 | D:4      | Reached skill level 6 in Long Blades
  5043 | D:4      | Reached XP level 7. HP: 42/44 MP: 6/9
  5130 | D:5      | Entered Level 5 of the Dungeon
  5144 | D:5      | Found Ruczikil's Weapon Boutique.
  5208 | D:4      | HP: 1/44 [hound (4)]
  5210 | D:4      | Reached skill level 7 in Long Blades
  6246 | D:6      | Reached skill level 8 in Long Blades
  6854 | D:5      | Slain by an ogre

Skill      XL: |  1  2  3  4  5  6  7 |
---------------+----------------------+-----
Long Blades    | 3 4 5 6 8 |  8.1
Fighting       | 2 |  2.0
Throwing       | |  1.1
Armour         | |  1.1
Dodging        | |  2.1
Spellcasting   | |  1.5
Translocations | |  3.2

Action                   |  1- 3 |  4- 6 |  7- 9 || total
-------------------------+-------+-------+-------++-------
Melee: Falchion          |   113 |   267 |   154 ||   534
 Cast: Shroud of Golubri |     1 |    18 |    14 ||    33
       Blink             |       |       |     7 ||     7
  Use: Scroll            |     4 |     2 |     3 ||     9
       Potion            |       |       |     1 ||     1
 Stab: Sleeping          |     1 |       |     2 ||     3
  Eat: Chunk             |     3 |    10 |     6 ||    19
       Fruit             |     1 |     1 |       ||     2
       Bread ration      |       |       |     1 ||     1
Armor: Leather armour    |    15 |    49 |    29 ||    93
Dodge: Dodged            |    91 |   177 |    97 ||   365
